 Dungeon Crawl Stone Soup version 0.25-a0-464-g3004169c2b (webtiles) character file.

Game seed: 18057032103585410553, levelgen mode: deterministic

262 mopl the Charmwright (level 5, 0/38 HPs)
             Began as a Demonspawn Skald on Feb 4, 2020.
             Slain by Edmund
             ... wielding a +3 flail of holy wrath
              (5 damage)
             ... on level 4 of the Dungeon.
             The game lasted 00:04:37 (4067 turns).

mopl the Charmwright (Demonspawn Skald)             Turns: 4067, Time: 00:04:38

Health: 0/38       AC:  6    Str: 12    XL:     5   Next: 97%
Magic:  9/9        EV: 10    Int: 20    God:
Gold:   81         SH:  0    Dex: 12    Spells: 2/10 levels left

rFire    . . .     SeeInvis .   b - +0 dagger (venom)
rCold    . . .     Gourm    .   (no shield)
rNeg     . . .     Faith    .   h - +0 ring mail
rPois    .         Spirit   .   (helmet restricted)
rElec    .         Reflect  .   s - +0 cloak (curse)
rCorr    +         Harm     .   (no gloves)
MR       .....                  (no boots)
Stlth    ..........             (no amulet)
HPRegen  0.12/turn              u - +5 ring of intelligence
MPRegen  0.11/turn              x - ring of resist corrosion

@: no status effects
A: antennae 1, hooves 1
a: no special abilities


You were on level 4 of the Dungeon.
You were not hungry.

You visited 1 branch of the dungeon, and saw 4 of its levels.

You collected 210 gold pieces.
You spent 129 gold pieces at shops.

Inventory:

Hand Weapons
 a - a +0 falchion
 b - a +0 dagger of venom (weapon)
Armour
 h - a +0 ring mail (worn)
 s - a cursed +0 cloak (worn)
Jewellery
 u - a +5 ring of intelligence (left hand)
 x - a ring of resist corrosion (right hand)
Scrolls
 e - 3 scrolls of immolation {unknown}
 i - 3 scrolls of teleportation {unknown}
 j - 2 scrolls of magic mapping
 k - a scroll of random uselessness {unknown}
 m - a scroll of enchant weapon {unknown}
 n - 5 scrolls of remove curse
 p - a scroll of fear {unknown}
 q - a scroll of amnesia {unknown}
 v - a scroll of noise {unknown}
Potions
 d - a potion of might
 f - a potion of mutation {!q}
 g - a potion of ambrosia
 l - a potion of heal wounds
 o - a potion of invisibility
 r - a potion of brilliance {unknown}
 t - 2 potions of curing {unknown}
Comestibles
 c - 6 rations
 w - 4 chunks of flesh


   Skills:
 - Level 2.0 Fighting
 + Level 3.1 Long Blades
 - Level 0.8 Armour
 - Level 1.7 Dodging
 - Level 3.0 Spellcasting
 + Level 1.7 Hexes
 + Level 3.9 Charms
 - Level 2.0 Translocations


You had 2 spell levels left.
You knew the following spells:

 Your Spells              Type           Power        Failure   Level  Hunger
a - Infusion              Chrm           ###.         7%          1    None
b - Song of Slaying       Chrm           ###.....     10%         2    ##.....
c - Spectral Weapon       Hex/Chrm       ##......     30%         3    ###....
f - Shroud of Golubria    Chrm/Tloc      ##....       14%         2    ##.....

Your spell library contained the following spells:

 Spells                   Type           Power        Failure   Level  Hunger
 Ozocubu's Armour         Chrm/Ice       ##......     41%         3    ###....


Dungeon Overview and Level Annotations

Branches:
Dungeon (4/15)
 Temple: D:4-7

Altars:
Dithmenos
Elyvilon
Fedhas
Gozag

Shops:
D:4 *

Annotations:
D:4 Edmund


Innate Abilities, Weirdness & Mutations

You have a pair of small antennae on your head.
You have large cloven feet.


Message History

You hit Edmund but do no damage.
Edmund is poisoned.
Edmund is lightly wounded.
Your ring mail prevents you from hitting Edmund.
Edmund is lightly wounded.
Edmund hits you with a +3 flail of holy wrath!
You convulse.
* * * LOW HITPOINT WARNING * * *
You are too injured to fight recklessly!
You are too injured to fight recklessly!
You are too injured to fight recklessly!
You barely miss Edmund.
Edmund is lightly wounded.
A scorpion comes into view.
Edmund closely misses you.
You barely miss Edmund.
Edmund is lightly wounded.
Edmund hits you with a +3 flail of holy wrath.
* * * LOW HITPOINT WARNING * * *
You convulse.
You die...

##.......## ##.##.#
#.........####...#.###
+.........)...........
#.........####........
#.......## ##.##.###
##.....## #.##.# #
##...## #.##.# # ##'##
#.##.# # #@# #.##.# #
#@# ... . #s# ... ...
#...# #..## #...


You could see Edmund and a scorpion.

Vanquished Creatures
  A crimson imp (D:2)
  A hound (D:4)
  An orc wizard (D:4)
  An iguana (D:4)
  A worker ant (D:4)
  4 adders
  An adder skeleton (D:4)
  3 worms (D:2)
  2 leopard geckos (D:3)
  7 orcs
  A ball python (D:2)
  9 bats
  2 giant cockroaches (D:1)
  7 goblins
  5 hobgoblins
  3 jackals (D:2)
  A quokka (D:3)
  3 frilled lizards
  6 kobolds
  9 rats
68 creatures vanquished.

Notes
Turn   | Place    | Note
-------+----------+-------------------------------------------
     0 | D:1      | mopl the Demonspawn Skald began the quest for the Orb.
     0 | D:1      | Reached XP level 1. HP: 16/16 MP: 3/3
   399 | D:1      | Reached skill level 2 in Long Blades
   444 | D:1      | Gained mutation: You have large cloven feet. [demonic
                  | ancestry]
   444 | D:1      | Reached XP level 2. HP: 21/22 MP: 5/5
   629 | D:1      | Reached skill level 3 in Charms
   862 | D:2      | Noticed a crimson imp
  1034 | D:1      | Learned a level 2 spell: Song of Slaying
  1037 | D:1      | Learned a level 2 spell: Shroud of Golubria
  1290 | D:2      | Killed a crimson imp
  1290 | D:2      | Reached XP level 3. HP: 20/27 MP: 7/7
  1449 | D:2      | Reached XP level 4. HP: 27/33 MP: 8/8
  1464 | D:2      | Reached skill level 1 in Translocations
  1469 | D:2      | Learned a level 3 spell: Spectral Weapon
  1476 | D:2      | Found a white marble altar of Elyvilon.
  1793 | D:2      | Found a blossoming altar of Fedhas.
  2310 | D:2      | Found an opulent altar of Gozag.
  2972 | D:3      | Found a shadowy altar of Dithmenos.
  3073 | D:3      | Reached skill level 3 in Spellcasting
  3291 | D:3      | Gained mutation: You have a pair of small antennae on your
                  | head. [demonic ancestry]
  3291 | D:3      | Reached XP level 5. HP: 38/38 MP: 9/9
  3589 | D:3      | Reached skill level 1 in Hexes
  3702 | D:4      | Found Umehucu's Assorted Antiques.
  3728 | D:4      | Reached skill level 3 in Long Blades
  3882 | D:4      | Bought a scroll labeled OGYNKUSUOR for 27 gold pieces
  3882 | D:4      | Bought 2 fuming inky potions for 48 gold pieces
  3882 | D:4      | Bought a scroll of identify for 54 gold pieces
  4055 | D:4      | Noticed Edmund
  4061 | D:4      | Reached skill level 2 in Translocations
  4067 | D:4      | Slain by Edmund

Levels and vault maps discovered:
D:1:      tarquinn_simple_flora_water_d, layout_loops_corners
D:2:      layout_loops_corners, lemuel_coloured_pillars_altar, elyvilon_altar_3,
          nicolae_gozag_cash_rules_everything_around_me
D:3:      layout_loops_ring, old_standard_altar, serial_co_window_serial,
          co_window_corner_a, co_window_corner_a, co_window_of_opportunity_a,
          co_window_corner_a, co_window_of_opportunity_a,
          co_window_unsneaky_path_a, co_window_cross_4, co_window_broadway_c,
          glass_columns_c, glass_columns_a, first_ration
D:4:      layout_loops_corners, serial_shops, shop_fountains, minmay_bisected,
          uniq_menkaure, uniq_edmund, uniq_blork_the_orc

Skill      XL: |  1  2  3  4  5 |
---------------+----------------+-----
Long Blades    | 2 3 |  3.1
Charms         | 3 |  3.9
Translocations | 1 2 |  2.0
Spellcasting   | 3 |  3.0
Hexes          | 1 |  1.7
Fighting       | |  2.0
Armour         | |  0.8
Dodging        | |  1.7

Action                   |  1- 3 |  4- 6 || total
-------------------------+-------+-------++-------
Melee: Falchion          |    24 |       ||    24
       Dagger            |    82 |   162 ||   244
       Kick              |    14 |    39 ||    53
 Cast: Infusion          |     1 |       ||     1
       Shroud of Golubri |       |     1 ||     1
  Use: Scroll            |       |     7 ||     7
  Eat: Chunk             |       |    10 ||    10
Armor: Leather armour    |     7 |       ||     7
       Ring mail         |    43 |    56 ||    99
Dodge: Dodged            |    67 |    69 ||   136
       Rpst.: Falchion   |     6 |       ||     6

Table legend:
 A = Non-vault XP
 B = Vault XP
 C = Vault XP percentage of total XP
 D = Non-vault monster count
 E = Vault monster count
 F = Vault count percentage of total count
                 A         B        C        D         E       F
            +---------+---------+-------+---------+---------+-------
      Total |     375 |       0 |   0.0 |      68 |       0 |   0.0
            +---------+---------+-------+---------+---------+-------
        D:1 |      25 |       0 |   0.0 |      16 |       0 |   0.0
        D:2 |     119 |       0 |   0.0 |      23 |       0 |   0.0
        D:3 |      64 |       0 |   0.0 |      21 |       0 |   0.0
        D:4 |     167 |       0 |   0.0 |       8 |       0 |   0.0
            +---------+---------+-------+---------+---------+-------
